 Dungeon Crawl Stone Soup version 0.25.1-2-g60ff931df9 (webtiles) character file.

Game seed: 6766447776911819262

202 Drachen the Slasher (level 5, 0/41 HPs)
             Began as a Demigod Gladiator on Oct 20, 2020.
             Slain by Sigmund
             ... wielding a +2 scythe of freezing
              (1 damage)
             ... on level 3 of the Dungeon.
             The game lasted 00:04:56 (3185 turns).

Drachen the Slasher (Demigod Gladiator)             Turns: 3185, Time: 00:04:56

Health: 0/41       AC:  8    Str: 17    XL:     5   Next: 25%
Magic:  7/7        EV: 12    Int: 12    God:
Gold:   194        SH:  0    Dex: 19    Spells: 4/4 levels left

rFire    . . .     SeeInvis .   y - +0 dagger (distort)
rCold    . . .     Gourm    .   (no shield)
rNeg     . . .     Faith    .   k - +0 scale mail
rPois    .         Spirit   .   c - +0 helmet
rElec    .         Reflect  .   o - +0 cloak
rCorr    .         Harm     .   (no gloves)
MR       .....                  (no boots)
Stlth    ..........             (no amulet)
HPRegen  0.13/turn              z - ring of wizardry
MPRegen  0.10/turn              (no ring)

@: no status effects
A: high mp 1
a: no special abilities


You were on level 3 of the Dungeon.
You were not hungry.

You visited 1 branch of the dungeon, and saw 3 of its levels.

You collected 194 gold pieces.

Inventory:

Hand Weapons
 a - a +0 long sword
 y - a +0 dagger of distortion (weapon)
Missiles
 b - 27 poisoned darts
 d - 3 throwing nets (quivered)
Armour
 c - a +0 helmet (worn)
 k - a +0 scale mail (worn)
 o - a +0 cloak (worn)
Jewellery
 z - a ring of wizardry (left hand)
 A - an uncursed ring of poison resistance {unknown}
Scrolls
 g - a scroll of teleportation {unknown}
 h - 3 scrolls of identify {unknown}
 n - a scroll of enchant armour {unknown}
 p - 2 scrolls of fog {unknown}
 q - a scroll of noise {unknown}
 r - a scroll of magic mapping {unknown}
 v - a scroll of remove curse {unknown}
 x - a scroll of fear {unknown}
Potions
 e - a potion of mutation {unknown}
 i - 3 potions of flight {unknown}
 j - 2 potions of brilliance {unknown}
 l - 2 potions of lignification {unknown}
 m - a potion of magic {unknown}
 s - a potion of cancellation {unknown}
 t - 3 potions of heal wounds {unknown}
 w - a potion of stabbing {unknown}
Comestibles
 f - 5 rations


   Skills:
 - Level 2.0 Fighting
 + Level 3.9 Long Blades
 - Level 2.0 Throwing
 + Level 2.5 Armour
 + Level 3.8 Dodging


You had 4 spell levels left.
You didn't know any spells.
Your spell library was empty.

Dungeon Overview and Level Annotations

Branches:
Dungeon (3/15)

Annotations:
D:3 Sigmund
Abyss:1 Ijyb, Natasha


Innate Abilities, Weirdness & Mutations

You have an increased reservoir of magic. (+10% MP)


Message History

Something hits you! Something freezes you. Something hits you!
Something freezes you.
* * * LOW HITPOINT WARNING * * *
You hit something.
Space bends around something.
You hit something but do no damage.
Space warps horribly around something!
You hear some strange, mumbled words.
A puff of flame appears from out of thin air!
The puff of flame misses you.
Your scale mail prevents you from hitting something.
You hear some strange, mumbled words.
Something tries to affect you, but you resist.
You closely miss something. Something hits you.
* * * LOW HITPOINT WARNING * * *
Something freezes you.
* * * LOW HITPOINT WARNING * * *
You miss something. You hit something but do no damage. Something hits you.
* * * LOW HITPOINT WARNING * * *
Something freezes you.
You die...

####...........##.......#.#...
#.......##...#.......#.####
#.......''...#....####.....
#.......##..........##.....
####....##..........##.....
###.)..##..........##.....
#.................###.....
#.......ยง.##......###.....
#.....#(.@##.........#....
#..........)..............
###....#...#.........#####
#....#...#.........# #
#....#.............#####
#....#......##.....#....
####....#......##....##....
#.......#......##....##....
#.......#......##....##....


There were no monsters in sight!

Vanquished Creatures
  A bullfrog zombie (D:2)
  Natasha (D:3)
  6 adders
  An ooze (D:3)
  2 worms (D:2)
  A dart slug (D:3)
  3 leopard geckos
  6 bats
  5 giant cockroaches
  4 goblins
  4 hobgoblins
  3 jackals (D:2)
  7 kobolds
  6 frilled lizards
  4 rats
54 creatures vanquished.

Vanquished Creatures (others)
  A hobgoblin (D:3)
1 creature vanquished.

Grand Total: 55 creatures vanquished

Notes
Turn   | Place    | Note
-------+----------+-------------------------------------------
     0 | D:1      | Drachen the Demigod Gladiator began the quest for the Orb.
     0 | D:1      | Reached XP level 1. HP: 17/17 MP: 3/3
   319 | D:1      | Reached XP level 2. HP: 22/24 MP: 4/4
   828 | D:2      | Reached skill level 1 in Armour
   918 | D:2      | Reached XP level 3. HP: 16/29 MP: 5/5
  1422 | D:2      | Found an opulent altar of Gozag.
  1925 | D:2      | Reached XP level 4. HP: 29/36 MP: 6/6
  2151 | D:3      | Noticed Natasha
  2157 | D:3      | Killed Natasha
  2280 | D:3      | Noticed Natasha
  2292 | D:3      | Banished Natasha
  2292 | D:3      | Reached XP level 5. HP: 33/41 MP: 7/7
  2386 | D:3      | Noticed Ijyb
  2390 | D:3      | Noticed Sigmund
  2956 | D:3      | Banished Ijyb
  3185 | D:3      | HP: 1/41 [something (6)]
  3185 | D:3      | Slain by Sigmund

Illustrated notes

Levels and vault maps discovered:
D:1:      minmay_arrival_diagonal_passages, layout_basic
D:2:      layout_basic, nicolae_gozag_seed_capital
D:3:      layout_basic, uniq_natasha, uniq_sigmund, uniq_ijyb

Skill      XL: |  1  2  3 |
---------------+----------+-----
Fighting       | 2 |  2.0
Throwing       | 2 |  2.0
Long Blades    | 3 |  3.9
Armour         | 1 2 |  2.5
Dodging        | 3 |  3.8

Action                   |  1- 3 |  4- 6 || total
-------------------------+-------+-------++-------
Melee: Long sword        |   119 |    16 ||   135
       Dagger            |       |    41 ||    41
  Eat: Chunk             |     3 |     4 ||     7
Armor: Scale mail        |    61 |    22 ||    83
Dodge: Dodged            |    89 |    26 ||   115
       Rpst.: Long sword |    38 |     6 ||    44
